 Dungeon Crawl Stone Soup version 0.30-a0-168-g0b976cbdc4 (webtiles) character file.

Game seed: 11017848505674261877

758868 ragingrage the Cloud Mage (level 27, -4/179 HPs)
             Began as a Tengu Air Elementalist on Sept 29, 2022.
             Was the Champion of Vehumet.
             Killed by arc of chain lightning (11 damage)
             ... in Pandemonium.
             The game lasted 03:56:38 (116328 turns).

ragingrage the Cloud Mage (TeAE)                  Turns: 116328, Time: 03:56:39

Health: -4/179     AC: 14    Str: 15      XL:     27
Magic:  24/63      EV: 23    Int: 50 (51) God:    Vehumet [******]
Gold:   8318       SH:  5    Dex: 16      Spells: 2/71 levels left

rFire   + + +      SeeInvis +    B - +7 lajatang of Order {silver, rMut}
rCold   . . .      Faith    .    (shield currently unavailable)
rNeg    + . .      Spirit   .    S - +0 scale mail of Plog {MP+9 Int+6}
rPois   +          Reflect  +    (helmet restricted)
rElec   +          Harm     .    K - +0 cloak of a volcano {*Corrode rF+ Str+2 Int+7}
rCorr   +          Rampage  .    J - +1 pair of gloves "Lotwao" {rPois rF++ Int+5}
rMut    +                        (boots unavailable)
Will    ++++.                    t - amulet "Guom" {Reflect Regen+ Str+3 SH+5 SInv}
Stlth   +.........               X - ring of Fizivur {rF+ rN+ Int+6}
HPRegen 1.19/turn                r - ring "Buappoakod" {Will++ rCorr MP+9}
MPRegen 0.38/turn

@: flying quickly and evasively, studying Ice Magic, quick
A: beak, talons 3, nimble flight, low MP 1, screaming 2, electricity resistance,
evolution 1, heat vulnerability 1, MP-powered wands
}: 5/15 runes: barnacled, slimy, silver, demonic, gossamer
a: Renounce Religion


You were in Pandemonium.
You worshipped Vehumet.
Vehumet was exalted by your worship.
You visited 12 branches of the dungeon, and saw 55 of its levels.
You visited Pandemonium 1 time, and saw 4 of its levels.
You visited 1 ziggurat, and saw 19 of its levels.
You also visited: Trove and Ossuary.

You collected 10784 gold pieces.
You spent 2466 gold pieces at shops.

Inventory:

Hand Weapons
 B - the +7 lajatang of Order (weapon) {silver, rMut}
   (You found it on level 7 of a ziggurat)

   It inflicts extra damage upon those it strikes, and deals substantially
   increased damage to chaotic, mutated and magically transformed beings.
   rMut:      It protects you from mutation.
Missiles
 V - 5 throwing nets
Armour
 h - a +1 kite shield of protection
 l - a +1 buckler of cold resistance
 J - the +1 pair of gloves "Lotwao" (worn) {rPois rF++ Int+5}
   (You found it on level 15 of a ziggurat)

   Int:       It affects your intelligence (+5).
   rF:        It greatly protects you from fire.
   rPois:     It protects you from poison.
 K - the +0 cloak of a volcano (worn) {*Corrode rF+ Str+2 Int+7}
   (You found it on level 4 of the Depths)

   Str:       It affects your strength (+2).
   Int:       It affects your intelligence (+7).
   rF:        It protects you from fire.
   *Corrode:  It may corrode you when you take damage.
 S - the +0 scale mail of Plog (worn) {MP+9 Int+6}
   (You found it on level 2 of the Vaults)

   Int:       It affects your intelligence (+6).
   MP:        It affects your magic capacity (+9).
Magical Staves
 a - a staff of air
Jewellery
 b - the ring of Deddan {rF++ Will+++ MP+9 Str-3 Int+4}
   (You found it on level 14 of a ziggurat)

   [ring of magical power]

   Str:       It affects your strength (-3).
   Int:       It affects your intelligence (+4).
   rF:        It greatly protects you from fire.
   MP:        It affects your magic capacity (+9).
   Will:      It greatly increases your willpower.
 f - the ring "Cutuen" {Wiz Contam +Blink rN+ Will++}
   (You found it on level 17 of a ziggurat)

   [ring of wizardry]

   It improves your spell success rate.
   rN:        It protects you from negative energy.
   +Blink:    It lets you blink.
   Contam:    It causes magical contamination when unequipped.
   Will:      It greatly increases your willpower.
 r - the ring "Buappoakod" (right hand) {Will++ rCorr MP+9}
   (You found it in a treasure trove)

   [ring of resist corrosion]

   MP:        It affects your magic capacity (+9).
   rCorr:     It protects you from acid and corrosion.
   Will:      It greatly increases your willpower.
 t - the amulet "Guom" (around neck) {Reflect Regen+ Str+3 SH+5 SInv}
   (You found it in a treasure trove)

   [amulet of reflection]

   It reflects blocked missile attacks.
   Str:       It affects your strength (+3).
   SInv:      It lets you see invisible.
   Regen:     It increases your rate of health regeneration.
   SH:        It affects your SH (+5).
 D - the ring "Uxeqy" {*Corrode rElec rPois Will+ AC+4}
   (You found it in Pandemonium)

   [ring of protection]

   AC:        It affects your AC (+4).
   rElec:     It insulates you from electricity.
   rPois:     It protects you from poison.
   *Corrode:  It may corrode you when you take damage.
   Will:      It increases your willpower.
 X - the ring of Fizivur (left hand) {rF+ rN+ Int+6}
   (You took it off a deep elf blademaster on level 3 of the Elven Halls)

   [ring of positive energy]

   Int:       It affects your intelligence (+6).
   rF:        It protects you from fire.
   rN:        It protects you from negative energy.
Wands
 v - a wand of paralysis (65)
 y - a wand of polymorph (16)
 E - a wand of digging (2)
 F - a wand of iceblast (36)
 T - a wand of light (2)
 Z - a wand of mindburst (12) (quivered)
Scrolls
 c - 36 scrolls of teleportation
 d - 11 scrolls of enchant armour
 n - 10 scrolls of vulnerability
 o - 12 scrolls of poison
 s - 6 scrolls of silence
 x - 11 scrolls of butterflies
 C - 13 scrolls of enchant weapon
 H - 13 scrolls of fear
 I - 4 scrolls of summoning
 N - 10 scrolls of immolation
 P - 3 scrolls of torment
 R - 12 scrolls of blinking
 U - 6 scrolls of magic mapping
 Y - 5 scrolls of amnesia
Potions
 e - 9 potions of haste
 i - 9 potions of lignification
 j - 25 potions of curing
 k - 5 potions of attraction
 m - 9 potions of heal wounds
 p - 2 potions of brilliance
 u - 2 potions of invisibility
 w - 19 potions of ambrosia
 z - 3 potions of resistance
 A - 4 potions of cancellation
 G - 3 potions of might
 O - 12 potions of mutation
 Q - 7 potions of magic
Miscellaneous
 g - a tin of tremorstones (2/2)
 q - a condenser vane
 L - a phantom mirror
 M - a box of beasts
 W - a phial of floods


   Skills:
 - Level 20.0 Fighting
 - Level 12.0 Staves
 - Level 15.0 Armour
 - Level 20.0 Dodging
 + Level 2.9 Stealth
 - Level 16.0 Shields
 + Level 22.9 Spellcasting
 - Level 25.0 Conjurations
 + Level 15.3 Necromancy
 - Level 3.0 Translocations
 + Level 9.6 Transmutations
 - Level 17.0 Fire Magic
 - Level 25.0 Air Magic
 + Level 2.2 Earth Magic
 - Level 16.0 Evocations


You had 2 spell levels left.
You knew the following spells:

 Your Spells              Type           Power      Damage    Failure   Level
a - Chain Lightning       Conj/Air       70%        3d94      1%          9
b - Ignition              Fire           61%        3d17      1%          8
c - Swiftness             Air            100%       N/A       0%          3
d - Maxwell's Capacitive  Air            70%        ∞         1%          8
e - Death's Door          Necr           59%        N/A       75%         9
f - Necromutation         Tmut/Necr      55%        N/A       24%         8
g - Iron Shot             Conj/Erth      57%        9d11      1%          6
h - Lightning Bolt        Conj/Air       70%        1d95      0%          5
i - Fireball              Conj/Fire      66%        3d25      0%          5
j - Iskenderun's Battles  Conj           100%       2d15      0%          5
k - Magic Dart            Conj           100%       1d8       0%          1
l - Blink                 Tloc           100%       N/A       1%          2

Your spell library contained the following spells:

 Spells                   Type           Power      Damage    Failure   Level
 Fire Storm               Conj/Fire      66%        8d17      3%          9
 Kiss of Death            Conj/Necr      100%       2d13      0%          1
 Necrotise                Necr           100%       1d9       0%          1
 Shock                    Conj/Air       100%       1d9       0%          1
 Cigotuvi's Dreadful Rot  Necr/Pois/Air  100%       N/A       0%          2
 Poisonous Vapours        Pois/Air       100%       N/A       0%          2
 Searing Ray              Conj           100%       2d8       0%          2
 Static Discharge         Conj/Air       100%       2-7/arc   0%          2
 Apportation              Tloc           100%       N/A       1%          1
 Freeze                   Ice            100%       1d11      1%          1
 Sandblast                Erth           100%       2d20      1%          1
 Sting                    Tmut/Pois      100%       1d8       1%          1
 Summon Small Mammal      Summ           100%       N/A       1%          1
 Call Imp                 Summ           55%        N/A       1%          2
 Ensorcelled Hibernation  Hex/Ice        100%       N/A       1%          2
 Passwall                 Tmut/Erth      72%        N/A       1%          2
 Dazzling Flash           Conj/Hex       100%       N/A       0%          3
 Hailstorm                Conj/Ice       100%       3d20      0%          3
 Kindle Blastsparks       Fire/Tloc/Air  100%       2d18      0%          3
 Mephitic Cloud           Conj/Pois/Air  100%       N/A       0%          3
 Stone Arrow              Conj/Erth      100%       3d13      0%          3
 Vampiric Draining        Necr           100%       2d13      0%          3
 Airstrike                Air            70%        2d(11-27) 0%          4
 Iskenderun's Mystic Bla  Conj/Tloc      100%       2d19      0%          4
 Sticky Flame             Conj/Fire      100%       2d11      0%          4
 Arcjolt                  Conj/Air       70%        1d80      0%          5
 Freezing Cloud           Conj/Ice/Air   61%        6-21      0%          5
 Irradiate                Conj/Tmut      62%        3d32      0%          5
 Conjure Ball Lightning   Conj/Air       70%        3x3d26    0%          6
 Starburst                Conj/Fire      66%        6d17      0%          6
 Call Canine Familiar     Summ           55%        N/A       1%          3
 Frozen Ramparts          Ice            100%       1d16      1%          3
 Gell's Gravitas          Tloc           72%        N/A       1%          3
 Ignite Poison            Fire/Tmut/Pois 98%        N/A       1%          3
 Inner Flame              Hex/Fire       97%        N/A       1%          3
 Lesser Beckoning         Tloc           72%        N/A       1%          3
 Ozocubu's Armour         Ice            55%        N/A       1%          3
 Portal Projectile        Hex/Tloc       100%       N/A       1%          3
 Summon Guardian Golem    Hex/Summ       55%        N/A       1%          3
 Teleport Other           Tloc           72%        N/A       1%          3
 Tukima's Dance           Hex            55%        N/A       1%          3
 Fulminant Prism          Conj/Hex       55%        3d25      1%          4
 Ice Form                 Ice/Tmut       81%        N/A       1%          4
 Manifold Assault         Tloc           72%        N/A       1%          4
 Olgreb's Toxic Radiance  Pois           55%        N/A       1%          4
 Summon Lightning Spire   Summ/Air       100%       N/A       1%          4
 Agony                    Necr           100%       N/A       1%          5
 Blade Hands              Tmut           50%        N/A       1%          5
 Borgnjor's Vile Clutch   Necr/Erth      49%        N/A       1%          5
 Lee's Rapid Deconstruct  Erth           34%        3d18*     1%          5
 Silence                  Hex/Air        55%        N/A       1%          5
 Yara's Violent Unravell  Hex/Tmut       40%        3d16      1%          5
 Spellforged Servitor     Conj/Summ      55%        N/A       1%          7
 Storm Form               Tmut/Air       62%        N/A       1%          7
 Alistair's Intoxication  Tmut/Pois      54%        N/A       2%          5
 Animate Armour           Summ/Erth      100%       N/A       3%          4
 Leda's Liquefaction      Hex/Erth       31%        N/A       3%          4
 Simulacrum               Ice/Necr       47%        N/A       4%          6
 Cause Fear               Hex            27%        N/A       6%          4
 Summon Ice Beast         Ice/Summ       55%        N/A       6%          4
 Borgnjor's Revivificati  Necr           59%        N/A       8%          8
 Statue Form              Tmut/Erth      58%        N/A       9%          6
 Summon Forest            Summ/Tloc      32%        N/A       10%         5
 Dragon Form              Tmut           50%        N/A       10%         7
 Summon Mana Viper        Hex/Summ       55%        N/A       17%         5
 Haunt                    Necr/Summ      47%        N/A       22%         7
 Dispersal                Tloc           36%        N/A       28%         6
 Summon Cactus Giant      Summ           27%        N/A       67%         6
 Ozocubu's Refrigeration  Ice            27%        4d13      75%         7
 Enfeeble                 Hex            27%        N/A       99%         7
 Monstrous Menagerie      Summ           27%        N/A       99%         7
 Discord                  Hex            27%        N/A       100%        8
 Polar Vortex             Ice            27%        N/A       100%        9


Dungeon Overview and Level Annotations

Branches:
Dungeon (15/15)            Temple (1/1) D:4            Lair (5/5) D:8
 Shoals (4/4) Lair:3       Spider (4/4) Lair:2        Slime (5/5) Lair:5
    Orc (2/2) D:12            Elf (3/3) Orc:2        Vaults (5/5) D:14
  Crypt (2/3) Vaults:2     Depths (4/4) D:15            Zot (5/5) Depths:4
Ossuary (visited)

Altars:
Ashenzari
Cheibriados
Dithmenos
Elyvilon
Fedhas
Gozag
Hepliaklqana
Kikubaaqudgha
Makhleb
Nemelex Xobeh
Okawaru
Qazlal
Ru
Trog
Uskayaw
Vehumet
Wu Jian
Xom
Yredelemnul
Zin
The Shining One
Jiyva

Shops:
Orc:1 =   Orc:2 (:[(?   Elf:1 [   Elf:2 !   Shoals:1 ?(   Vaults:2 (
Vaults:3 ?   Vaults:4 ?   Vaults:5 :   Depths:1 [   Depths:2 ?   Depths:4 *

Portals:
Hell: Depths:1 Depths:2 Depths:3 Depths:4
Abyss: Depths:2 Depths:3 Depths:4
Pandemonium: Depths:1 Depths:2 Depths:3 Depths:4

Annotations:
D:9 exclusion: downstairs
D:10 exclusion: downstairs
D:11 exclusion: downstairs
D:14 exclusion: door
Lair:1 exclusion: downstairs
Elf:1 exclusion: downstairs
Elf:2 5 runed translucent doors
Depths:2 exclusion: downstairs
Depths:3 exclusion: downstairs
Zot:2 6 transporters


Innate Abilities, Weirdness & Mutations

You have a beak for a mouth.
You have claws for feet.
Your magical nature lets you fly swiftly and evasively.
Your magical capacity is low. (-10% MP)
You frequently scream uncontrollably at your foes.
You are resistant to electric shocks. (rElec)
You have hidden genetic potential.
You are vulnerable to heat. (rF-)
You expend magic power (3 MP) to strengthen your wands.


Message History

You feel your power returning.
The chaos spawn degenerates into a cloud of primal chaos!
An orange demon comes into view.
Ignacio gestures.
Ignacio seems to speed up.
Casting: Chain Lightning (dangerous; 1% risk of failure)
Confirm with . or Enter, or press ? or * to list all spells.
You don't have enough magic to cast this spell.
Magic courses through your body.
Ignacio hits you with a +8 executioner's axe of pain!
You writhe in agony!
Ignacio misses you. You block Ignacio's attack.
Ignacio hits you with a +8 executioner's axe of pain!
The sixfirhy hits you. The sixfirhy shocks you. You resist.
Ignacio hits you with a +8 executioner's axe of pain!! x3
You writhe in agony.
Ignacio hits you with a +8 executioner's axe of pain.
* * * LOW HITPOINT WARNING * * *
You writhe in agony.
* * * LOW HITPOINT WARNING * * *
The sixfirhy misses you.
A cacodemon comes into view.
Ignacio hits you with a +8 executioner's axe of pain!
* * * LOW HITPOINT WARNING * * *
You writhe in agony!
* * * LOW HITPOINT WARNING * * *
Ignacio hits you with a +8 executioner's axe of pain.
* * * LOW HITPOINT WARNING * * *
Ignacio barely misses you.
Ignacio hits you with a +8 executioner's axe of pain!
* * * LOW HITPOINT WARNING * * *
You writhe in agony.
* * * LOW HITPOINT WARNING * * *
Casting: Chain Lightning (dangerous; 1% risk of failure)
Confirm with . or Enter, or press ? or * to list all spells.
Lightning arcs from your hands!
The bolt of lightning hits Ignacio!!!!
Ignacio resists.
You kill Ignacio!
Vehumet accepts your kill.
You feel your power returning. The bolt of lightning hits you! You resist.
You die...

#.............,,,,
#...........,,,,,,
#...........*,***,
#......4....*,* *,
#........# *,* *,
#......##.###,* *,
#..........3..* *,
#######.).....2.....* *,
#......@3...4.......***,
#............#......,,,,
#.#####......#.##.##**,,
*,****#......#.##.# *,,
*,,,,,#......#.##.# *,.
**,.,,#......#.##.# *..
**,...##...###.##.# *..
*,,........###.##.####..
*,,.....................


You could see a cacodemon, an orange demon, a sixfirhy and a chaos spawn.

Vanquished Creatures
  the Royal Jelly (Slime:5)
  Ignacio (Pan)
  Dissolution (Slime:5)
  7 dread liches
  9 orbs of fire
  4 pandemonium lords
  3 ancient liches
  3 juggernauts
  2 royal mummies (Zig:16)
  Vv (Zot:2)
  Margery (Depths:3)
  7 Killer Klowns
  Bai Suzhen (Elf:3)
  A curse toe (Zot:3)
  16 golden dragons
  7 caustic shrikes
  Nikola (Vaults:3)
  Arachne (Spider:1)
  3 bone dragons
  The ghost of Cayster the Wrestler, a legendary VSBe of Trog (Zot:5)
  3 electric golems
  2 Brimstone Fiends
  Rupert (Lair:4)
  22 tentacled monstrosities
  An Ice Fiend (Zig:10)
  An iron giant (Zig:19)
  8 Hell Sentinels
  5 liches
  25 Orb Guardians (Zot:5)
  A walking frostbound tome (Depths:3)
  2 deep elf master archers
  3 deep elf blademasters
  10 quicksilver dragons
  Asterion (Vaults:1)
  4 titans
  30 acid blobs
  17 Executioners
  A kraken (Shoals:2)
  2 ancient champions
  7 sphinxes
  A sphinx (shapeshifter) (Zig:10)
  5 death cobs
  A shadow dragon (shapeshifter) (Zig:10)
  17 storm dragons
  10 azure jellies
  13 shadow dragons
  A fenstrider witch (Zig:18)
  12 tengu reavers
  13 draconian monks
  A revenant (Crypt:2)
  3 demonspawn warmongers (Pan)
  7 frost giants
  2 emperor scorpions (Spider:1)
  14 draconian knights
  10 fire giants
  9 rockslimes
  The ghost of Pooter the Severer, a journeyman MiMo of Makhleb (D:12)
  2 iron dragons
  11 deep elf sorcerers
  14 cacodemons
  10 quicksilver elementals (Zig:19)
  8 ghost moths
  6 balrugs
  26 vault wardens
  12 draconian scorchers
  2 deep elf elementalists (Elf:3)
  6 orc warlords
  A caustic shrike zombie (Crypt:2)
  3 curse skulls (Zig:12)
  11 ghouls
  10 draconian shifters
  10 draconian annihilators
  8 war gargoyles
  7 draconian stormcallers
  16 very ugly things
  A broodmother (shapeshifter) (Vaults:5)
  22 ironbound preservers
  4 demonspawn corrupters (Pan)
  7 quicksilver oozes
  3 broodmothers
  18 stone giants
  8 ironbound thunderhulks
  6 deep elf demonologists
  8 reapers
  13 green draconians
  4 eleionomae
  A demonspawn blood saint (Pan)
  6 vampire knights
  4 demonspawn black suns
  2 bennus (Zig:16)
  3 lorocyprocas (Pan)
  20 black draconians
  14 deep elf annihilators
  13 purple draconians
  9 dire elephants
  Azrael (D:14)
  18 white draconians
  4 bunyips
  23 red draconians
  7 spark wasps
  3 eidola
  2 blizzard demons (Pan)
  11 deep elf death magi
  9 yellow draconians
  12 ettins
  8 iron golems (Zig:19)
  7 merfolk javelineers
  8 mummy priests
  9 merfolk impalers
  A crystal guardian (Vaults:4)
  6 fire dragons
  8 yaktaur captains
  8 entropy weavers
  11 deep elf high priests
  2 shambling mangroves (Zig:9)
  6 jiangshi
  11 great orbs of eyes
  The ghost of Pooter the Cleaver, a journeyman MiBe of Trog (Orc:1)
  Josephine (D:10)
  3 green deaths
  32 vault guards
  3 rakshasas
  10 hydras
  4 hell beasts
  11 ironbound frosthearts
  5 jorogumos
  Erolcha (D:10)
  4 ice dragons
  5 spriggan air magi
  A hydra (shapeshifter) (Vaults:5)
  A peacekeeper (Vaults:4)
  A fenstrider witch skeleton (Crypt:1)
  2 anacondas (shapeshifter) (Vaults:5)
  5 merfolk aquamancers
  An ogre mage (Vaults:5)
  2 catoblepae
  2 death knights (Crypt:1)
  21 centaur warriors
  3 alligators
  14 boulder beetles
  A ghost crab (Zig:9)
  Erica (D:11)
  6 merfolk avatars
  6 radroaches
  8 two-headed ogres
  An alligator snapping turtle (shapeshifter) (Vaults:3)
  A two-headed ogre (shapeshifter) (Depths:2)
  17 dancing weapons
  2 titan zombies (Zig:16)
  2 naga warriors (Zig:5)
  2 satyrs
  4 deep troll earth magi
  3 death scarabs
  5 deep troll shamans
  5 tengu warriors
  6 death yaks (Lair:4)
  8 orc high priests
  2 thrashing horrors (Zig:8)
  A shock serpent (Zig:5)
  22 sun demons
  5 vampire magi
  27 soul eaters
  16 deep elf knights
  A naga sharpshooter (Zig:5)
  22 hell knights
  Sonja (D:10)
  A crystal echidna (Zig:19)
  Amaemon (Lair:3)
  2 shadow wraiths
  11 skeletal warriors
  A wretched star (Zig:8)
  A cherub (Pan)
  An iron troll (shapeshifter) (Zig:10)
  2 spatial maelstroms (Zig:8)
  9 sea snakes
  2 goliath frogs
  12 pharaoh ants
  48 deep trolls
  A death drake (shapeshifter) (Zig:14)
  A storm dragon skeleton (Zig:16)
  3 sun moths
  10 shadow demons
  A salamander mystic (Depths:4)
  2 death drakes (Zig:18)
  4 flayed ghosts
  14 iron trolls
  8 sixfirhies (Pan)
  4 spriggan druids
  3 swamp dragons (shapeshifter)
  2 bog bodies
  2 steelbarb worms (Spider:4)
  6 swamp dragons
  5 orb spiders
  4 glowing orange brains
  9 wizards
  A bunyip skeleton (Crypt:1)
  3 obsidian statues
  4 lindwurms
  13 deep elf archers
  An orange crystal statue (Vaults:3)
  10 orc knights
  5 harpies
  12 phantasmal warriors
  6 necromancers
  29 deep elf zephyrmancers
  A shadow dragon skeleton (Crypt:1)
  A mana viper (shapeshifter) (Zig:14)
  A wolf spider (shapeshifter) (Vaults:5)
  25 deep elf pyromancers
  19 ironbound convokers
  An iron dragon zombie (Zig:16)
  8 orc sorcerers
  29 fauns
  An oklob plant (Lair:5)
  23 wolf spiders
  24 ugly things
  A frost giant zombie (Depths:3)
  6 shining eyes
  20 manticores
  5 will-o-the-wisps
  A goliath frog skeleton (Crypt:1)
  3 salamanders (Depths:4)
  A worldbinder (Zig:8)
  3 cyclopes
  A cyclops (shapeshifter) (Vaults:5)
  An eleionoma skeleton (Crypt:1)
  10 merfolk sirens
  28 moths of wrath
  3 rust devils
  2 iron dragon skeletons (Zig:16)
  A moth of wrath (shapeshifter) (Depths:1)
  A black mamba (shapeshifter) (Vaults:5)
  9 elephants
  A naga mage (Zig:5)
  6 black mambas
  5 torpor snails
  2 ice statues (Zig:16)
  An apocalypse crab (Zig:10)
  2 guardian serpents
  9 orange demons
  A naga skeleton (Crypt:1)
  20 smoke demons (Pan)
  6 gargoyles
  18 vault sentinels
  16 water nymphs
  8 eyes of devastation
  2 kobold demonologists
  30 demonic crawlers
  9 cane toads
  An elephant slug zombie (Crypt:2)
  13 hellions
  4 rime drakes
  4 freezing wraiths
  An orb spider zombie (Crypt:2)
  28 yaktaurs
  2 tengu conjurers
  7 tormentors (Pan)
  An efreet (Pan)
  A golden dragon simulacrum (Depths:3)
  9 komodo dragons
  14 guardian mummies
  2 hellwings (Pan)
  2 red devils (Pan)
  A queen bee (Lair:1)
  An ice devil (Pan)
  A pale draconian skeleton (Crypt:1)
  10 meliai
  10 trolls
  5 blink frogs (Lair:4)
  A merfolk (shapeshifter) (Zig:6)
  12 merfolk
  5 polar bears
  29 tarantellas
  10 wind drakes
  A tyrant leech (shapeshifter) (D:14)
  2 tyrant leeches (Zig:18)
  8 hornets
  A harpy skeleton (Crypt:1)
  3 dream sheep
  A slime creature (shapeshifter) (Zig:14)
  34 large abominations
  121 slime creatures
  15 snapping turtles
  A dream sheep (shapeshifter) (Depths:2)
  22 jumping spiders
  16 culicivoras
  12 spriggans
  16 ynoxinuls (Pan)
  2 shadows
  A vampire (D:12)
  13 wraiths
  2 ushabtiu (Zig:16)
  2 flying skulls
  28 water elementals
  7 air elementals
  43 yaks
  10 fire elementals
  4 wyverns
  4 fire bats (D:12)
  15 golden eyes
  6 basilisks
  11 chaos spawn
  13 neqoxecs
  2 vampire mosquitoes (D:11)
  46 redbacks
  14 wargs
  A glowing shapeshifter zombie (Depths:3)
  An acid dragon (D:12)
  Duvessa (D:6)
  3 floating eyes
  3 hell hounds
  A floating eye (shapeshifter) (Depths:2)
  A two-headed ogre skeleton (Crypt:2)
  12 water moccasins
  29 orc warriors
  7 black bears
  An ice beast (D:8)
  8 ogres
  5 boggarts (Lair:5)
  31 wolves
  13 centaurs
  2 phantoms
  2 kobold brigands
  Blork the orc (D:5)
  16 bullfrogs
  An elf zombie (Ossuary)
  5 necrophages
  11 scorpions
  An earth elemental (Zig:15)
  13 wights
  Dowan (D:6)
  A raiju zombie (Crypt:2)
  28 killer bees
  A warg skeleton (Crypt:2)
  A wolf zombie (Crypt:2)
  3 electric eels
  2 lava snakes (D:12)
  2 howler monkeys
  4 human zombies (Ossuary)
  47 orc priests
  2 centaur zombies (Ossuary)
  4 jellies
  A gnoll bouda (D:5)
  4 hounds
  4 iguanas
  25 orc wizards
  A deep dwarf zombie (Crypt:1)
  An ice beast zombie (Crypt:2)
  A deep dwarf skeleton (Crypt:2)
  16 mummies
  4 gnolls
  11 adders
  A river rat (D:5)
  A white imp (D:5)
  An ufetubus (D:5)
  2 adder zombies
  A jelly zombie (Crypt:2)
  5 worms
  2 dart slugs
  88 orcs
  12 ball pythons
  7 bats
  3 endoplasms
  5 giant cockroaches
  4 goblins
  5 hobgoblins
  8 jackals (D:1)
  15 kobolds
  5 quokkas
  9 frilled lizards
  11 hobgoblin zombies
  A jackal zombie (Ossuary)
  9 kobold zombies (Ossuary)
  8 orc zombies (Ossuary)
  6 rats
  A rat skeleton (Crypt:1)
  2 fire vortices (D:12)
  A fulminant prism (Lair:4)
2964 creatures vanquished.

Vanquished Creatures (collateral kills)
  A Brimstone Fiend (Pan)
  A guardian mummy (Zig:16)
  A hornet (Lair:5)
  A spriggan (Lair:5)
  A water moccasin (Lair:5)
5 creatures vanquished.

Vanquished Creatures (others)
  An ironbound frostheart (Vaults:3)
  A smoke demon (Pan)
  3 yaktaurs (Vaults:3)
  4 slime creatures (D:14)
  An air elemental (Elf:1)
  A culicivora (Vaults:3)
  2 redbacks (Vaults:3)
  A bush (Lair:1)
  A fire vortex (D:12)
  2 foxfires (Zig:9)
  50 fulminant prisms
  45 fungi
  142 plants
  20 tentacles (Shoals:2)
  4 toadstools (D:4)
  2 withered plants (Zot:5)
280 creatures vanquished.

Grand Total: 3249 creatures vanquished

Notes
Turn   | Place    | Note
-------+----------+-------------------------------------------
     0 | D:1      | ragingrage the Tengu Air Elementalist began the quest for
                  | the Orb.
     0 | D:1      | Reached XP level 1. HP: 10/10 MP: 4/4
   239 | D:1      | Reached XP level 2. HP: 15/15 MP: 3/6
   719 | D:1      | Reached XP level 3. HP: 14/19 MP: 2/7
   724 | D:1      | Learned a level 2 spell: Static Discharge
   728 | D:1      | Learned a level 3 spell: Swiftness
   913 | D:1      | Found a faded altar of an unknown god.
  1703 | D:2      | Reached XP level 4. HP: 24/24 MP: 4/9
  1785 | D:2      | Reached skill level 5 in Air Magic
  2944 | D:3      | Gained mutation: Your magical nature lets you fly swiftly
                  | and evasively. [Tengu growth]
  2944 | D:3      | Reached XP level 5. HP: 28/28 MP: 5/10
  3842 | D:4      | Found an opulent altar of Gozag.
  3842 | D:4      | Found a sparkling altar of Nemelex Xobeh.
  3912 | D:4      | Found a staircase to the Ecumenical Temple.
  3928 | Temple   | Entered the Ecumenical Temple
  4028 | Temple   | Became a worshipper of Vehumet
  4581 | D:4      | Reached XP level 6. HP: 10/32 MP: 2/12
  4973 | D:4      | Learned a level 4 spell: Airstrike
  5061 | D:5      | Entered Level 5 of the Dungeon
  5073 | D:5      | Noticed an orc warrior
  5102 | D:4      | Killed an orc warrior
  5103 | D:4      | Reached skill level 5 in Conjurations
  5212 | D:5      | Reached XP level 7. HP: 27/36 MP: 1/13
  5571 | D:5      | Noticed Blork the orc
  6748 | D:5      | Reached XP level 8. HP: 41/41 MP: 10/15
  6848 | D:5      | Found a hide-covered altar of Uskayaw.
  6955 | D:5      | Killed Blork the orc
  7116 | D:5      | Reached * piety under Vehumet
  7116 | D:5      | Offered knowledge of Freeze by Vehumet.
  7353 | D:6      | Noticed Duvessa
  7355 | D:6      | Noticed Dowan
  8074 | D:6      | Killed Duvessa
  8075 | D:6      | Reached skill level 5 in Spellcasting
  8316 | D:6      | Killed Dowan
  8944 | D:7      | Reached skill level 10 in Air Magic
  8944 | D:7      | Reached XP level 9. HP: 45/45 MP: 8/17
  9076 | D:7      | Found a sand-covered staircase.
  9152 | Ossuary  | Entered an ossuary
  9169 | Ossuary  | Reached ** piety under Vehumet
  9202 | Ossuary  | Offered knowledge of Kiss of Death by Vehumet.
  9247 | Ossuary  | Learned a level 1 spell: Kiss of Death
  9524 | Ossuary  | Reached skill level 10 in Conjurations
  9573 | Ossuary  | Offered knowledge of Stone Arrow by Vehumet.
  9578 | Ossuary  | Learned a level 3 spell: Stone Arrow
  9980 | D:7      | Noticed a komodo dragon
 10205 | D:7      | Killed a komodo dragon
 10281 | D:7      | Reached *** piety under Vehumet
 11001 | D:8      | Offered knowledge of Fulminant Prism by Vehumet.
 11316 | D:8      | Reached XP level 10. HP: 37/50 MP: 3/18
 11434 | D:8      | Learned a level 4 spell: Fulminant Prism
 11482 | D:8      | Noticed a two-headed ogre
 11521 | D:8      | Killed a two-headed ogre
 11522 | D:8      | Reached skill level 1 in Fighting
 11522 | D:8      | Reached skill level 1 in Shields
 11973 | D:8      | Found a staircase to the Lair.
 13083 | D:9      | Reached **** piety under Vehumet
 13499 | D:9      | Offered knowledge of Lightning Bolt by Vehumet.
 14105 | D:9      | Noticed a kobold demonologist
 14107 | D:9      | Noticed a soul eater
 14112 | D:10     | Entered Level 10 of the Dungeon
 14253 | D:10     | Noticed a gargoyle
 14314 | D:10     | Killed a gargoyle
 14456 | D:10     | Noticed Erolcha
 14501 | D:10     | Killed Erolcha
 14502 | D:10     | Reached XP level 11. HP: 42/58 MP: 12/23
 15617 | D:10     | Noticed Sonja
 15624 | D:10     | Killed Sonja
 15631 | D:10     | Learned a level 5 spell: Lightning Bolt
 15948 | D:10     | Noticed Josephine
 15953 | D:10     | Killed Josephine
 16282 | D:11     | Noticed a two-headed ogre
 16593 | D:11     | Noticed a cyan ugly thing
 16616 | D:11     | Killed a cyan ugly thing
 16735 | D:11     | Killed a two-headed ogre
 16835 | D:11     | You are sucked into a shaft and drop 3 floors!
 16854 | D:14     | Noticed a manticore
 16859 | D:14     | Killed a manticore
 16860 | D:14     | Reached skill level 5 in Dodging
 17031 | D:13     | Noticed a centaur warrior
 17035 | D:13     | Killed a centaur warrior
 17093 | D:13     | Noticed a two-headed ogre
 17097 | D:13     | Killed a two-headed ogre
 17098 | D:13     | Reached XP level 12. HP: 66/66 MP: 14/26
 17566 | D:12     | Noticed a two-headed ogre
 17569 | D:12     | Killed a two-headed ogre
 18243 | D:13     | Noticed a centaur warrior
 18246 | D:13     | Killed a centaur warrior
 18338 | D:13     | Reached skill level 5 in Shields
 18400 | D:13     | Reached skill level 5 in Fighting
 18456 | D:13     | Found a large runed translucent door.
 18458 | D:13     | Found a large runed translucent door.
 18465 | D:13     | Noticed Pooter's ghost (journeyman MiMo)
 18745 | D:13     | Noticed a four-headed hydra
 18751 | D:13     | Killed a four-headed hydra
 18958 | D:12     | Noticed a boulder beetle
 19472 | D:13     | Noticed a tengu warrior
 19474 | D:13     | Noticed a tengu warrior
 19476 | D:13     | Killed a tengu warrior
 19477 | D:13     | Reached skill level 15 in Air Magic
 19530 | D:11     | Killed a boulder beetle
 20285 | D:11     | Noticed Erica
 20290 | D:11     | Killed Erica
 20573 | D:12     | Noticed a two-headed ogre
 20606 | D:12     | Noticed a two-headed ogre
 20606 | D:12     | Found a portal to a secret trove of treasure.
 20613 | D:12     | Killed a two-headed ogre
 20867 | D:12     | Reached skill level 1 in Armour
 20940 | D:12     | Reached ***** piety under Vehumet
 20995 | D:12     | Found a staircase to the Orcish Mines.
 21301 | D:12     | Killed a two-headed ogre
 21302 | D:12     | Reached XP level 13. HP: 72/72 MP: 16/27
 22718 | D:12     | Found a staircase to the Orcish Mines.
 23760 | Lair:1   | Entered Level 1 of the Lair of Beasts
 24857 | Lair:1   | Offered knowledge of Fireball by Vehumet.
 24862 | Lair:1   | Reached skill level 15 in Conjurations
 25120 | Lair:1   | Identified the +12 long sword of Noix {spect, rF+}
 27549 | Lair:2   | Found a hole to the Spider Nest.
 27969 | Lair:3   | Noticed Amaemon
 28762 | Lair:3   | Killed Amaemon
 29334 | Lair:3   | Learned a level 5 spell: Fireball
 29339 | Lair:3   | Found a staircase to the Shoals.
 30619 | Lair:3   | Offered knowledge of Freezing Cloud by Vehumet.
 30814 | Lair:4   | Reached skill level 10 in Spellcasting
 30979 | Lair:3   | Reached XP level 14. HP: 80/80 MP: 18/29
 31380 | Lair:4   | Noticed Rupert
 31385 | Lair:4   | Reached skill level 10 in Dodging
 31385 | Lair:4   | Reached XP level 15. HP: 86/86 MP: 18/30
 31390 | Lair:4   | Killed Rupert
 32311 | Lair:5   | Entered Level 5 of the Lair of Beasts
 34571 | Lair:5   | Offered knowledge of Iron Shot by Vehumet.
 35770 | Lair:5   | Found a runed translucent door.
 35770 | Lair:5   | Found a viscous altar of Jiyva.
 35771 | Lair:5   | Found a staircase to the Slime Pits.
 36531 | Orc:1    | Entered Level 1 of the Orcish Mines
 36978 | Orc:1    | You are sucked into a shaft and drop 1 floor!
 36978 | Orc:2    | Entered Level 2 of the Orcish Mines
 37212 | Orc:2    | Offered knowledge of Iskenderun's Battlesphere by Vehumet.
 37222 | Orc:2    | Learned a level 5 spell: Iskenderun's Battlesphere
 37224 | Orc:2    | Learned a level 1 spell: Magic Dart
 37584 | Orc:2    | Found Jizulef's Book Shop.
 37584 | Orc:2    | Found Kuseh's Antique Weapon Emporium.
 37598 | Orc:2    | Bought a jewelled rapier for 234 gold pieces
 37598 | Orc:2    | Identified the +11 rapier of Sunlight {venom, +Blink Will+
                  | Str+5 Stlth-} (You bought it in a shop on level 2 of the
                  | Orcish Mines)
 38007 | Orc:2    | Reached XP level 16. HP: 96/96 MP: 30/32
 38048 | Orc:2    | Found Ysis's Magic Scroll Shoppe.
 38086 | Orc:2    | Found a staircase to the Elven Halls.
 38087 | Orc:2    | Bought a scroll of butterflies for 48 gold pieces
 38087 | Orc:2    | Bought a scroll of teleportation for 36 gold pieces
 38087 | Orc:2    | Bought a scroll of blinking for 90 gold pieces
 38423 | Orc:2    | Found Xuqu's Antique Weapon Shop.
 38423 | Orc:2    | Found Qeanoaschu's Antique Armour Emporium.
 38539 | Orc:2    | Bought an Inescapable Atlas for 384 gold pieces
 38542 | Orc:2    | Learned a level 2 spell: Blink
 38839 | Orc:1    | Found a runed translucent gate.
 38839 | Orc:1    | Found a runed translucent gate.
 38839 | Orc:1    | Found a runed translucent gate.
 38856 | Orc:1    | Found an opulent altar of Gozag.
 38859 | Orc:1    | Noticed Pooter's ghost (journeyman MiBe)
 39041 | Orc:1    | Found a radiant altar of Vehumet.
 39041 | Orc:1    | Found Tuupaa's Jewellery Emporium.
 39275 | Orc:1    | Found a transporter.
 39279 | Orc:1    | Found a transporter.
 39906 | D:12     | Killed Pooter's ghost
 39907 | D:12     | Reached skill level 1 in Translocations
 41050 | D:14     | Found a gate to the Vaults.
 41254 | D:14     | Offered knowledge of Orb of Destruction by Vehumet.
 41491 | D:15     | Entered Level 15 of the Dungeon
 42139 | D:15     | Identified a scroll of acquirement
 42139 | D:15     | Acquired a staff of air
 42558 | D:15     | Found a staircase to the Depths.
 42795 | Shoals:1 | Entered Level 1 of the Shoals
 42832 | Shoals:1 | Found Baloum's Antique Armour Emporium.
 42977 | Shoals:1 | Bought a glowing troll leather armour for 576 gold pieces
 42996 | Shoals:1 | Reached skill level 10 in Fighting
 43009 | Shoals:1 | Reached skill level 1 in Fire Magic
 43868 | Shoals:1 | Found Cuimusm's Antique Weapon Emporium.
 44083 | Shoals:1 | Found Ukhan's Magic Scroll Emporium.
 44092 | Shoals:1 | Bought a scroll of teleportation for 36 gold pieces
 44092 | Shoals:1 | Bought a scroll of blinking for 90 gold pieces
 44092 | Shoals:1 | Bought a scroll of teleportation for 36 gold pieces
 44295 | Shoals:2 | Reached XP level 17. HP: 102/102 MP: 25/34
 44455 | Shoals:2 | Offered knowledge of Conjure Ball Lightning by Vehumet.
 44489 | Shoals:2 | Identified the +8 falchion "Ox" {vorpal, Str+4}
 44617 | Shoals:2 | Noticed a kraken
 45602 | Shoals:2 | Killed a kraken
 47010 | Shoals:3 | Reached skill level 5 in Fire Magic
 47388 | Shoals:4 | Entered Level 4 of the Shoals
 47641 | Shoals:4 | Paralysed by an air elemental for 1 turns
 47659 | Shoals:3 | Paralysed by an air elemental for 1 turns
 47664 | Shoals:3 | Paralysed by an air elemental for 1 turns
 48525 | Shoals:4 | Offered knowledge of Starburst by Vehumet.
 49750 | Shoals:4 | Got a barnacled rune of Zot
 50067 | Shoals:4 | Paralysed by an air elemental for 1 turns
 50105 | Shoals:4 | Reached XP level 18. HP: 91/107 MP: 27/36
 50322 | D:12     | You paid a toll of +3 storm dragon scales to enter a
                  | treasure trove
 50323 | Trove    | Entered a treasure trove
 50334 | Trove    | Identified the amulet "Guom" {Reflect Regen+ Str+3 SH+5
                  | SInv}
 50336 | Trove    | Identified the ring "Omusav" {rPois Dex+6 Stlth+}
 50338 | Trove    | Identified the ring "Rehawk" {rF- Will+ Int+6 Dex+3}
 50340 | Trove    | Identified the ring "Buappoakod" {Will++ rCorr MP+9}
 50342 | Trove    | Identified the ring "Vaogonni" {rPois Dex+6}
 50346 | Trove    | Identified the amulet of the Wary Lives {Spirit Dex+5}
 50347 | Trove    | Identified the amulet of Umiel {Faith +Blink rN++ Will-}
 50348 | Trove    | Identified the ring of Ecsuy {Fire rPois Str+5 Int+7}
 50350 | Trove    | Identified the ring "Ledoc" {Fly SInv}
 50351 | Trove    | Identified the ring "Ocaid" {Wiz rF+ rCorr Slay+3}
 50353 | Trove    | Identified the ring of the Heavens {rPois Str+4}
 50534 | Spider:1 | Entered Level 1 of the Spider Nest
 50916 | Spider:1 | Reached ****** piety under Vehumet
 50916 | Spider:1 | Offered knowledge of Fire Storm by Vehumet.
 50916 | Spider:1 | Offered knowledge of Chain Lightning by Vehumet.
 50916 | Spider:1 | Offered knowledge of Polar Vortex by Vehumet.
 51005 | Spider:1 | Learned a level 9 spell: Chain Lightning
 51852 | Spider:2 | Reached skill level 5 in Armour
 51936 | Spider:2 | Noticed Arachne
 52434 | Spider:1 | Killed Arachne
 52978 | Spider:2 | Reached skill level 1 in Evocations
 55614 | Spider:4 | Entered Level 4 of the Spider Nest
 55658 | Spider:4 | Reached XP level 19. HP: 110/114 MP: 37/37
 56608 | Spider:4 | Reached skill level 15 in Dodging
 58427 | Spider:4 | Got a gossamer rune of Zot
 58798 | Elf:1    | Entered Level 1 of the Elven Halls
 59086 | Elf:1    | Identified the +3 short sword "Biypri" {speed, rF+ Str-5
                  | Dex+3 Stlth+}
 59286 | Elf:1    | Got the Disquisition on Striking
 59292 | Elf:1    | Learned a level 4 spell: Iskenderun's Mystic Blast
 59330 | Elf:1    | Found Susanowo's Dragon-Slaying Spoils.
 59492 | Elf:1    | Found a transporter.
 59810 | Elf:1    | Found a transporter.
 60400 | Elf:2    | Found Ateamnuagh's Distillery.
 60422 | Elf:2    | Bought a potion of heal wounds for 70 gold pieces
 60422 | Elf:2    | Bought a potion of brilliance for 56 gold pieces
 60487 | Elf:2    | Reached skill level 10 in Shields
 60659 | Elf:2    | Reached skill level 5 in Evocations
 61302 | Elf:2    | Found a huge runed translucent gate.
 61302 | Elf:2    | Found a huge runed translucent gate.
 61302 | Elf:2    | Found a huge runed translucent gate.
 61302 | Elf:2    | Found a huge runed translucent gate.
 61302 | Elf:2    | Found a huge runed translucent gate.
 61546 | Elf:3    | Entered Level 3 of the Elven Halls
 61708 | Elf:3    | Noticed Bai Suzhen
 61722 | Elf:3    | Killed Bai Suzhen
 62140 | Elf:3    | Reached XP level 20. HP: 122/122 MP: 27/39
 63246 | Elf:3    | Identified the +12 hand axe "Tuimoku" {holy, Stlth+}
 64066 | Elf:3    | Identified the ring of Fizivur {rF+ rN+ Int+6}
 65023 | Elf:3    | Identified the +7 flail of Due Proportion {venom, rN+}
 65300 | Elf:3    | Identified the amulet "Veak" {RegenMP +Blink}
 65693 | Elf:3    | Got the Secrets of Airy Congelation
 65747 | Elf:3    | Upgraded the game from 0.30-a0-165-g1891117ce2 to
                  | 0.30-a0-168-g0b976cbdc4
 66034 | Vaults:1 | Entered Level 1 of the Vaults
 66549 | Vaults:1 | Identified the +9 spear "Olump" {elec, *Rage rN+++ Str-2
                  | Dex+8} (You took it off a centaur warrior on level 1 of the
                  | Vaults)
 66999 | Vaults:1 | Noticed Asterion
 67007 | Vaults:1 | Killed Asterion
 67558 | Vaults:1 | Reached skill level 15 in Spellcasting
 68095 | Vaults:1 | Reached XP level 21. HP: 129/129 MP: 38/41
 69624 | Vaults:2 | Identified the +1 broad axe "Yxaeset" {freeze, *Corrode
                  | rC++}
 69634 | Vaults:2 | Found Etoneipa's Antique Weapon Shoppe.
 69664 | Vaults:2 | Identified the +0 scale mail of Plog {MP+9 Int+6}
 70845 | Vaults:2 | Found a staircase to the Crypt.
 71439 | Vaults:3 | Found Fefar's Magic Scroll Emporium.
 71447 | Vaults:3 | Bought a scroll of teleportation for 51 gold pieces
 71447 | Vaults:3 | Bought a scroll of teleportation for 51 gold pieces
 71478 | Vaults:3 | Noticed Nikola
 71509 | Vaults:3 | Killed Nikola
 72161 | Vaults:3 | Found a transporter.
 72171 | Vaults:3 | Found a transporter.
 72709 | Vaults:4 | Found Bixeol's Magic Scroll Shop.
 72717 | Vaults:4 | Bought a scroll of teleportation for 42 gold pieces
 72717 | Vaults:4 | Bought a scroll of teleportation for 42 gold pieces
 72717 | Vaults:4 | Bought a scroll of magic mapping for 105 gold pieces
 72717 | Vaults:4 | Bought a scroll of fear for 56 gold pieces
 72717 | Vaults:4 | Bought a scroll of fear for 56 gold pieces
 72717 | Vaults:4 | Bought a scroll of magic mapping for 105 gold pieces
 73607 | Vaults:4 | Reached XP level 22. HP: 124/137 MP: 25/42
 74736 | D:14     | Noticed Azrael
 74737 | D:14     | Killed Azrael
 75068 | Slime:1  | Entered Level 1 of the Pits of Slime
 77897 | Slime:5  | Entered Level 5 of the Pits of Slime
 77908 | Slime:5  | Gained mutation: You sometimes lose your temper in combat.
                  | [a shining eye]
 77912 | Slime:5  | Noticed the Royal Jelly
 77919 | Slime:5  | Killed the Royal Jelly
 77920 | Slime:5  | Reached skill level 15 in Fighting
 78022 | Slime:5  | Found the +8 autumn katana {vorpal, manifold assault}
 78040 | Slime:5  | Got a slimy rune of Zot
 78041 | Slime:5  | Identified the ring "Egoas" {rF+ rCorr}
 78060 | Slime:5  | Identified the +1 pair of boots of the Old World {rN+++
                  | Regen+ Int+6 Slay-3}
 78093 | Slime:5  | Identified the amulet of Jogap {Spirit Drain rElec rCorr
                  | Dex+3}
 78141 | Slime:5  | Identified the +5 dagger "Faohywne" {chaos, Contam Will+
                  | Str+4 Int+2}
 78191 | Slime:5  | Noticed Dissolution
 78194 | Slime:5  | Killed Dissolution
 78501 | Depths:1 | Entered Level 1 of the Depths
 78832 | Depths:1 | Found a one-way gate leading to the halls of Pandemonium.
 78946 | Depths:1 | Reached skill level 10 in Armour
 78946 | Depths:1 | Reached XP level 23. HP: 144/144 MP: 43/43
 79071 | Depths:1 | Found an opulent altar of Gozag.
 79265 | Depths:1 | Found Peorphafu's Antique Armour Shop.
 79790 | Depths:1 | Found a shadowy altar of Dithmenos.
 79989 | Depths:1 | Found a gateway to Hell.
 80168 | Depths:2 | Noticed a juggernaut
 80170 | Depths:2 | Killed a juggernaut
 80842 | Depths:2 | Found Nawo's Magic Scroll Shop.
 80846 | Depths:2 | Bought a scroll of fear for 56 gold pieces
 80846 | Depths:2 | Bought a scroll of teleportation for 42 gold pieces
 80846 | Depths:2 | Bought a scroll of teleportation for 42 gold pieces
 80846 | Depths:2 | Bought a scroll of magic mapping for 105 gold pieces
 80988 | Depths:2 | Found a one-way gate to the infinite horrors of the Abyss.
 82196 | Depths:3 | Noticed Margery
 82199 | Depths:3 | Killed Margery
 82283 | Depths:3 | Reached skill level 15 in Shields
 82415 | Depths:3 | Reached skill level 10 in Evocations
 82519 | Depths:3 | Noticed a juggernaut
 82522 | Depths:3 | Killed a juggernaut
 82731 | Depths:3 | Identified the +8 glaive of Damp Fortitude {vorpal, Contam
                  | *Slow rPois rC+++}
 83960 | Depths:3 | Found a one-way gateway to a ziggurat.
 83993 | Depths:4 | Entered Level 4 of the Depths
 83993 | Depths:4 | Noticed a caustic shrike
 83994 | Depths:4 | Noticed a caustic shrike
 83994 | Depths:4 | Noticed a golden dragon
 83995 | Depths:4 | Noticed a caustic shrike
 83996 | Depths:4 | Killed a caustic shrike
 84047 | Depths:4 | Found Kuycwoc's General Store.
 84049 | Depths:4 | Reached skill level 1 in Staves
 84049 | Depths:4 | Reached XP level 24. HP: 139/150 MP: 43/43
 84287 | Depths:4 | Killed a caustic shrike
 84464 | Depths:4 | Killed a caustic shrike
 84531 | Depths:4 | Bought a scroll of teleportation for 57 gold pieces
 84579 | Depths:4 | Identified the +0 cloak of a volcano {*Corrode rF+ Str+2
                  | Int+7}
 85034 | Depths:4 | Found a gate to the Realm of Zot.
 86076 | Crypt:1  | Entered Level 1 of the Crypt
 88653 | Vaults:5 | Entered Level 5 of the Vaults
 88655 | Vaults:5 | Reached skill level 5 in Staves
 88668 | Vaults:5 | Reached XP level 25. HP: 100/155 MP: 43/43
 90116 | Vaults:5 | Found Diluady's Book Shoppe.
 90161 | Vaults:5 | Noticed a dread lich
 90172 | Vaults:5 | Killed a dread lich
 90452 | Vaults:5 | Identified the +4 quarterstaff "Nyfuo" {elec, Str-5 Int+4
                  | Dex+2 SInv}
 91324 | Vaults:5 | Identified the +8 mace of the Inferno {pain, rCorr}
 91466 | Vaults:5 | Got the Catalogue of Bloody Blasts
 91660 | Vaults:5 | Got a silver rune of Zot
 91819 | Vaults:5 | Learned a level 8 spell: Ignition
 92176 | Zot:1    | Entered Level 1 of the Realm of Zot
 93028 | Zot:1    | Identified the +8 battleaxe "Liekaker" {vorpal, Str+7 Int+4
                  | Dex+3}
 93249 | Zot:1    | Reached XP level 26. HP: 113/160 MP: 29/44
 93252 | Zot:1    | Reached skill level 10 in Fire Magic
 93639 | Zot:1    | Noticed an orb of fire
 93643 | Zot:1    | Killed an orb of fire
 94163 | Zot:1    | Identified the +3 ring mail of Bollo {Fly Will+++ Str-4
                  | Int+4}
 94368 | Zot:1    | Reached skill level 15 in Evocations
 95382 | Zot:2    | Found a transporter.
 95390 | Zot:2    | Found a transporter.
 95481 | Zot:2    | Found a transporter.
 95483 | Zot:2    | Found a transporter.
 96259 | Zot:2    | Found a transporter.
 96261 | Zot:2    | Found a transporter.
 96453 | Zot:2    | Noticed Vv
 96459 | Zot:2    | Killed Vv
 96460 | Zot:2    | Reached skill level 10 in Staves
 98858 | Zot:4    | Reached XP level 27. HP: 137/165 MP: 30/45
 99189 | Zot:4    | Identified the ring "Ipiron" {rF+ Str+6}
100706 | Orc:1    | Killed Pooter's ghost
100872 | Elf:1    | Identified the ring of Oenomania {rElec rPois rCorr Str-3
                  | Int+2}
100888 | Elf:1    | Identified the ring of Wasim {rElec AC+4}
101617 | Zot:5    | Entered Level 5 of the Realm of Zot
102043 | Zot:5    | Found a runed translucent door.
102044 | Zot:5    | Noticed Cayster's ghost (legendary VSBe)
102374 | Zot:5    | Killed Cayster's ghost
102602 | Zot:5    | Noticed a dread lich
102605 | Zot:5    | Killed a dread lich
102739 | Zot:5    | Noticed an orb of fire
102739 | Zot:5    | Noticed an orb of fire
102741 | Zot:5    | Noticed an orb of fire
102742 | Zot:5    | Killed an orb of fire
102742 | Zot:5    | Noticed an orb of fire
102743 | Zot:5    | Killed an orb of fire
102744 | Zot:5    | Killed an orb of fire
102744 | Zot:5    | Noticed an orb of fire
102745 | Zot:5    | Killed an orb of fire
102745 | Zot:5    | Noticed an orb of fire
102745 | Zot:5    | Gained mutation: Armour fits poorly on your strangely
                  | shaped body. [an orb of fire]
102746 | Zot:5    | Gained mutation: Potions are less effective at restoring
                  | your health. [an orb of fire]
102747 | Zot:5    | Noticed an orb of fire
102748 | Zot:5    | Killed an orb of fire
102748 | Zot:5    | Noticed an orb of fire
102749 | Zot:5    | Killed an orb of fire
102750 | Zot:5    | Reached skill level 15 in Armour
102751 | Zot:5    | Killed an orb of fire
102751 | Zot:5    | Noticed a dread lich
102766 | Zot:5    | Killed an orb of fire
102774 | Zot:5    | Killed a dread lich
102996 | Zot:5    | Lost mutation: Potions are less effective at restoring your
                  | health. [potion of mutation]
102996 | Zot:5    | Lost mutation: You sometimes lose your temper in combat.
                  | [potion of mutation]
102996 | Zot:5    | Lost mutation: Armour fits poorly on your strangely shaped
                  | body. [potion of mutation]
102996 | Zot:5    | Gained mutation: You expend magic power (3 MP) to
                  | strengthen your wands. [potion of mutation]
102996 | Zot:5    | Gained mutation: You are strong-willed. (Will+) [potion of
                  | mutation]
103024 | Zot:5    | Noticed a dread lich
103027 | Zot:5    | Killed a dread lich
104479 | Zot:5    | Noticed a dread lich
104487 | Zot:5    | Killed a dread lich
104488 | Zot:5    | Reached skill level 15 in Fire Magic
104628 | Zot:5    | Noticed a dread lich
104631 | Zot:5    | Killed a dread lich
104978 | Zot:5    | Noticed an ancient lich
104980 | Zot:5    | Killed an ancient lich
105221 | Zot:5    | Noticed an ancient lich
105224 | Zot:5    | Killed an ancient lich
105736 | Zig:1    | Entered Level 1 of a ziggurat
105754 | Zig:2    | Entered Level 2 of a ziggurat
105787 | Zig:3    | Entered Level 3 of a ziggurat
105799 | Zig:3    | Identified the amulet of Miohoces {RegenMP Fly rElec}
105816 | Zig:4    | Entered Level 4 of a ziggurat
105834 | Zig:4    | Identified the amulet of Kijir {Reflect rN+ Dex+6 SH+5}
105874 | Zig:5    | Entered Level 5 of a ziggurat
105923 | Zig:6    | Entered Level 6 of a ziggurat
105955 | Zig:7    | Entered Level 7 of a ziggurat
105961 | Zig:7    | Found the +7 lajatang of Order {silver, rMut}
105962 | Zig:7    | Noticed Zoityos the pandemonium lord
105964 | Zig:7    | Killed Zoityos the pandemonium lord
106113 | Zig:8    | Entered Level 8 of a ziggurat
106179 | Zig:8    | Identified the +8 falchion "Gyries" {freeze, rElec}
106189 | Zig:9    | Entered Level 9 of a ziggurat
106312 | Zig:9    | Identified the amulet "Lebuanaulu" {Acrobat rC+ rCorr
                  | Int+4}
106337 | Zig:9    | Learned a level 8 spell: Maxwell's Capacitive Coupling
106344 | Zig:9    | Learned a level 6 spell: Iron Shot
106345 | Zig:10   | Entered Level 10 of a ziggurat
106432 | Zig:10   | Identified the +9 arbalest of Imminent Death {flame, rF++}
106444 | Zig:10   | Identified the +0 cloak of Zoos {Str+7}
106455 | Zig:10   | Acquired 689 gold pieces
106462 | Zig:11   | Entered Level 11 of a ziggurat
106483 | Zig:11   | Identified the +2 dagger of the Past {freeze, rElec}
106516 | Zig:12   | Entered Level 12 of a ziggurat
106528 | Zig:12   | Noticed an ancient lich
106531 | Zig:12   | Killed an ancient lich
106750 | Zig:12   | Identified the +6 plate armour of the Learner {Drain rN++
                  | Str+4}
106752 | Zig:12   | Identified the +6 battleaxe of the Final Continents
                  | {vorpal, *Noise Int+7}
106754 | Zig:12   | Identified the +5 morningstar of Dissatisfaction {distort,
                  | rF+ Will+ Str+3 Dex-5}
106775 | Zig:12   | Learned a level 9 spell: Death's Door
106800 | Zig:13   | Entered Level 13 of a ziggurat
106806 | Zig:13   | Noticed a juggernaut
106808 | Zig:13   | Reached skill level 1 in Necromancy
106809 | Zig:13   | Killed a juggernaut
106904 | Zig:13   | Identified the ring of Arphiess {Will++ Dex+6}
106919 | Zig:13   | Got the Guidebook on Companions and Unholy Secrets
106926 | Zig:13   | Acquired 912 gold pieces
106930 | Zig:14   | Entered Level 14 of a ziggurat
106941 | Zig:14   | Noticed a dread lich
106943 | Zig:14   | Killed a dread lich
106946 | Zig:14   | Reached skill level 5 in Necromancy
106981 | Zig:14   | Identified the ring of Deddan {rF++ Will+++ MP+9 Str-3
                  | Int+4}
106987 | Zig:14   | Identified the amulet "Ekhliu Ciogy" {Spirit -Cast Fly
                  | rN+++ Slay+3}
107002 | Zig:15   | Entered Level 15 of a ziggurat
107029 | Zig:15   | Identified the +7 flail of Trauma {pain, Stlth+}
107044 | Zig:15   | Identified the +1 pair of gloves "Lotwao" {rPois rF++
                  | Int+5}
107103 | Zig:15   | Identified the +1 trident "Kifeur" {chaos, rF+ rC+ SInv}
107105 | Zig:15   | Identified the +1 robe of Valour {rF+ Will+ Slay+2}
107129 | Zig:16   | Entered Level 16 of a ziggurat
107136 | Zig:16   | Noticed a royal mummy
107136 | Zig:16   | Noticed a royal mummy
107144 | Zig:16   | Killed a royal mummy
107145 | Zig:16   | Killed a royal mummy
107637 | Zig:16   | Learned a level 8 spell: Necromutation
107640 | Zig:17   | Entered Level 17 of a ziggurat
107655 | Zig:17   | Reached skill level 1 in Transmutations
107660 | Zig:17   | Reached skill level 10 in Necromancy
107701 | Zig:17   | Found the +8 arc blade {discharge, rElec}
107735 | Zig:17   | Identified the ring "Cutuen" {Wiz Contam +Blink rN+ Will++}
107741 | Zig:17   | Identified the +8 rapier "Avvai" {venom, *Rage Will+ Str+2
                  | Int+8}
107746 | Zig:18   | Entered Level 18 of a ziggurat
107804 | Zig:18   | Identified the +6 flail of Kyph {speed, Str+5}
107820 | Zig:18   | Identified the +6 flail "Worm" {vorpal, rCorr Str+3 Int+4}
107821 | Zig:18   | Identified the +8 arbalest of Irritation {penet, Will+
                  | Dex-5 Stlth+}
107857 | Zig:19   | Entered Level 19 of a ziggurat
107897 | Zig:19   | HP: 8/176 [iron golem (32)]
107903 | Zig:19   | Reached skill level 5 in Transmutations
108126 | Zig:19   | Acquired 900 gold pieces
108146 | Zig:19   | Identified the +0 robe of Viowogee {rElec rF+}
108253 | Pan      | Entered Pandemonium
108330 | Pan      | Identified the ring "Dyappa Buixt" {Fly rF+ rCorr}
108595 | Pan      | Found a runed translucent door.
108597 | Pan      | Noticed Guyledo the pandemonium lord
108602 | Pan      | Found a runed translucent door.
108609 | Pan      | Killed Guyledo the pandemonium lord
108711 | Pan      | Found a runed translucent door.
109405 | Pan      | Found a runed translucent door.
109411 | Pan      | Gained mutation: Your magical capacity is low. (-10% MP) [a
                  | neqoxec]
109504 | Pan      | Identified the ring "Uxeqy" {*Corrode rElec rPois Will+
                  | AC+4}
110325 | Pan      | Noticed Hiogg the pandemonium lord
110328 | Pan      | Killed Hiogg the pandemonium lord
113287 | Pan      | Got a demonic rune of Zot
113584 | Pan      | Noticed Rywegel the pandemonium lord
113584 | Pan      | Gained mutation: You occasionally shout uncontrollably at
                  | your foes. [a cacodemon]
113589 | Pan      | Killed Rywegel the pandemonium lord
114750 | Pan      | Reached skill level 15 in Necromancy
115047 | Pan      | Reached skill level 1 in Earth Magic
115436 | Pan      | Entered the realm of Mnoleg.
115863 | Pan      | Gained mutation: You are vulnerable to heat. (rF-) [a
                  | neqoxec]
115865 | Pan      | Gained mutation: You are occasionally teleported next to
                  | monsters. [a neqoxec]
115926 | Pan      | Gained mutation: You occasionally lose the ability to read
                  | scrolls when taking damage. [a cacodemon]
116069 | Pan      | Lost mutation: You expend magic power (3 MP) to strengthen
                  | your wands. [potion of mutation]
116069 | Pan      | Lost mutation: You occasionally lose the ability to read
                  | scrolls when taking damage. [potion of mutation]
116069 | Pan      | Gained mutation: You have hidden genetic potential. [potion
                  | of mutation]
116069 | Pan      | Gained mutation: You expend magic power (3 MP) to
                  | strengthen your wands. [potion of mutation]
116069 | Pan      | Gained mutation: You have a somewhat thin skeletal
                  | structure. (Dex +2, Stealth+) [potion of mutation]
116070 | Pan      | Lost mutation: You are strong-willed. (Will+) [potion of
                  | mutation]
116070 | Pan      | Lost mutation: You have a somewhat thin skeletal structure.
                  | (Dex +2, Stealth+) [potion of mutation]
116070 | Pan      | Lost mutation: You are occasionally teleported next to
                  | monsters. [potion of mutation]
116070 | Pan      | Gained mutation: You frequently scream uncontrollably at
                  | your foes. [potion of mutation]
116070 | Pan      | Gained mutation: You are resistant to electric shocks.
                  | (rElec) [potion of mutation]
116321 | Pan      | Noticed Ignacio
116327 | Pan      | HP: 7/179 [Ignacio/+8 executioner's axe of pain (5)]
116328 | Pan      | Killed Ignacio
116328 | Pan      | Killed by arc of chain lightning

Illustrated notes

Levels and vault maps discovered:
D:1:      dpeg_arrival_shrine, layout_basic,
          hellmonk_ecumenical_altar_leap_of_faith, serial_glass,
          glass_columns_b, glass_columns_a, st_stairs_3, minmay_pentomino_s4
D:2:      layout_rooms, minmay_misc_feat_rugged, chequers_serial_rivers_large_a,
          chequers_serial_rivers_small_3
D:3:      layout_basic
D:4:      layout_basic, grunt_temple_overflow_opulence,
          minmay_temple_entry_waves, minmay_gold_behind_fungi
D:5:      layout_cave_pools, eat_drink_and_be_merry_uskayaw,
          gup_sewer_entry_spiral, uniq_blork_the_orc
D:6:      layout_basic, uniq_duvessa
D:7:      layout_basic, nicolae_ossuary_entry_plus, minmay_lizard_king
D:8:      layout_rooms, erik_lair_orcish_takeover
D:9:      layout_basic, led_sif_book, hangedman_decor_lopped, skrybe_limestone_x
D:10:     layout_stronghold, minmay_strange_pillars, uniq_erolcha,
          uniq_josephine, uniq_sonja
D:11:     layout_long_grid, nrook_guardian_serpent_ordinary, uniq_erica
D:12:     layout_basic, david_orc_4, nicolae_trove_entry_isolated,
          portal_ice_cave_entry_pillars_2, hangedman_incinerator
D:13:     layout_cave_pods, ebering_ghost_disaster_area
D:14:     layout_irregular_city, grunt_vaults_entry_fortified,
          minmay_door_square, uniq_azrael
D:15:     hangedman_depths_entry_civil_slaughter, layout_long_grid,
          grunt_decor_arrowhead, minmay_misc_feat_alley
Temple:   dpeg_three_leaves_temple
Lair:1:   layout_roguey [special_room_bee]
Lair:2:   layout_gridlike, nicolae_spider_entry_non_spiders
Lair:3:   layout_cave_pods, elwin_shoals_entry_rooms, grunt_megastairs_5,
          uniq_amaemon
Lair:4:   layout_roguey, lemuel_another_geyser, uniq_rupert
Lair:5:   minmay_lair_end_enchanted_forest, layout_regular_city, slime_entry_2,
          minmay_lair_oklob_bushes, lemuel_fruit_fields, grunt_megastairs_3,
          serial_bayou_shore_a
Shoals:1: layout_shoals, serial_shops, shop, shop, shop,
          nicolae_shoals_dead_sea_scrolls
Shoals:2: layout_shoals
Shoals:3: layout_shoals
Shoals:4: shoals_end_hellmonk_storm_palace [storm_palace_center_square,
          storm_palace_corner_reverse_hut, storm_palace_corner_reverse_hut,
          storm_palace_corner_grid, storm_palace_corner_narrow]
Spider:1: layout_spider_delve
Spider:2: layout_spider_delve, uniq_arachne
Spider:3: layout_spider_delve, nicolae_spider_moth_buddies
Spider:4: hellmonk_spider_rune_bug_friends, hangedman_spider_tarantella_strand
Slime:1:  layout_caves
Slime:2:  layout_caves
Slime:3:  layout_caves, cheibrodos_slime_lost_civilization_5
Slime:4:  layout_caves, cheibrodos_slime_lost_civilization_7
Slime:5:  uniq_dissolution
Orc:1:    gammafunk_beogh_shrine, layout_caves, basic_altar,
          ebering_ghost_gozag, minmay_shop_enchanted_jewellery
Orc:2:    st_orc_town, layout_caves, serial_shops, shop
Elf:1:    gammafunk_its_a_trap, layout_onion_city, minmay_elf_annihilation,
          nicolae_shop_dragon_depot
Elf:2:    elven_hall_of_blades_hangedman_alternative [nicolae_blade_tridents],
          layout_gridlike, serial_shops, nicolae_shop_window_shopping,
          nicolae_twisting_strands
Elf:3:    minmay_elf_hall_x, layout_gridlike, grunt_ministairs_1,
          grunt_megastairs_1, uniq_bai_suzhen
Vaults:1: nicolae_vaults_yaktaur_gun_rack, vaults_dpeg_cross,
          hangedman_vaults_snaps, vaults_room_ringed_pool, v_alt_pattern_6,
          vaults_room_door_hall, ontoclasm_vaults_gallery,
          nicolae_vaults_little_squares_6, v_misc_12,
          nicolae_vaults_little_squares_1, hangedman_vaults_pinch,
          vaults_dpeg_hooks, v_alt_pattern_4, vaults_mumra_chevron,
          layout_vaults_omnibox, uniq_asterion
Vaults:2: minmay_crypt_entry_simple_statues, st_lattice,
          vaults_dpeg_encased_lava, nicolae_vaults_little_squares_2,
          nicolae_vaults_alarming, hangedman_vaults_stagger, vaults_room_fours,
          ontoclasm_vaults_shuriken, hangedman_vaults_stream,
          grunt_vaults_hallway_long, v_misc_9, layout_vaults_omnicross,
          serial_shops, shop
Vaults:3: vaults_room_door_hall, v_misc_15, hangedman_vaults_nails, v_pattern_2,
          gammafunk_sealed_arena, hangedman_vaults_capsules,
          ontoclasm_vaults_eye, v_misc_8, nicolae_vaults_theta,
          layout_vaults_big_room, serial_shops, shop_scrolls, uniq_nikola
Vaults:4: vaults_room_corners, nicolae_vaults_three_branches,
          ontoclasm_vaults_pinch, hangedman_vaults_trim, v_pattern_1,
          vaults_room_fours, layout_vaults_quadrants, serial_shops, shop
Vaults:5: serial_shops
Crypt:1:  layout_chaotic_city, serial_sigils_hangedman_carve,
          minmay_misc_feat_rows
Crypt:2:  layout_gridlike, lemuel_upstairs_altar
Depths:1: layout_gridlike, nicolae_gozag_cash_rules_everything_around_me,
          rand_demon_pan_entry_3, pf_hell_entry_great_geh, serial_shops,
          nicolae_shop_competitors_out_of_business,
          nicolae_dithmenos_the_darkroom
Depths:2: minmay_connected_triangles_in_corner, layout_gridville,
          rand_demon_pan_entry_1, hell_entry, abyss_entry, minmay_crystal_room,
          nicolae_elevator_lobby_asterisk, serial_bayou_shore_b,
          minmay_staircase_windowed_small, minmay_shop_star
Depths:3: minmay_chopped_fan, layout_cave_pools, ziggurat_fallback,
          pf_hell_entry_tar_spiral, abyss_entry, pan_entry,
          minmay_misc_feat_enclosed, kennysheep_doodads, uniq_margery
Depths:4: evilmike_zot_entry_diamond, layout_basic, serial_shops, shop_statue,
          pan_entry, hangedman_decor_diamond_cutter, abyss_entry,
          grunt_hell_entry_dis_grunt, infiniplex_staircase_pool_lava,
          serial_bayou_shore_b, uniq_josephina
Zot:1:    layout_onion, zot_minivault_4
Zot:2:    layout_gridlike, serial_nicolae_subway, nicolae_sub_station_stone,
          nicolae_sub_station_crystal, nicolae_sub_station_metal,
          grunt_megastairs_2, uniq_vv
Zot:3:    layout_misc_corridors
Zot:4:    layout_misc_corridors, lemuel_elevator
Zot:5:    layout_gridlike, gammafunk_ghost_grave
Pan:      rand_demon_7, layout_basic, lemuel_hall_of_pain, layout_small_grid,
          rand_demon_6, layout_cross, mnoleg, layout_gridlike, uniq_ignacio,
          nicolae_pan_cerebovesque_4, nicolae_pan_sigil_nadil

Skill      XL: |  1  2  3  4  5  6  7  8  9 10 11 12 13 14 15 16 17 18 19 20 21 22 23 24 25 26 27 |
---------------+----------------------------------------------------------------------------------+-----
Conjurations   | 2 3 4 5 7 9 11 12 13 14 15 16 17 19 20 21 22 23 24 25 | 25.0
Air Magic      | 5 6 8 10 12 13 14 15 16 17 18 19 20 21 22 23 24 25 | 25.0
Spellcasting   | 3 4 5 7 9 10 11 12 13 14 15 16 17 22 | 22.9
Fighting       | 2 4 5 6 7 9 10 11 12 13 14 15 20 | 20.0
Shields        | 2 4 5 6 7 8 9 10 11 13 14 15 16 | 16.0
Dodging        | 3 5 8 9 10 11 12 14 15 16 17 18 20 | 20.0
Armour         | 1 4 5 7 10 11 12 13 15 | 15.0
Translocations | 3 |  3.0
Fire Magic     | 3 7 9 11 17 | 17.0
Evocations     | 3 5 6 10 12 14 15 16 | 16.0
Staves         | 1 5 8 10 12 | 12.0
Necromancy     | 15 | 15.3
Transmutations | 9 |  9.6
Earth Magic    | 2 |  2.2
Stealth        | |  2.9

Action                   |  1- 3 |  4- 6 |  7- 9 | 10-12 | 13-15 | 16-18 | 19-21 | 22-24 | 25-27 || total
-------------------------+-------+-------+-------+-------+-------+-------+-------+-------+-------++-------
Melee: Staff             |    10 |       |       |       |       |    34 |     4 |     8 |   104 ||   160
       Kick              |     3 |     1 |     1 |     9 |    44 |    29 |     3 |     2 |    57 ||   149
       Peck              |     1 |       |     1 |     7 |    31 |    13 |     1 |     1 |    37 ||    92
       Rapier            |       |     2 |     1 |       |       |    28 |       |       |       ||    31
       Falchion          |       |       |     2 |    12 |     5 |       |       |       |       ||    19
       Long sword        |       |       |       |       |   125 |     6 |       |       |       ||   131
       Lajatang          |       |       |       |       |       |       |       |       |     1 ||     1
Throw: Dart              |       |       |       |     7 |       |       |       |       |       ||     7
 Cast: Shock             |    76 |    93 |   247 |   126 |    24 |     4 |       |       |       ||   570
       Static Discharge  |       |     9 |    38 |       |    38 |    19 |       |     4 |       ||   108
       Airstrike         |       |     1 |    27 |   201 |   337 |   181 |       |    23 |       ||   770
       Fulminant Prism   |       |       |       |    16 |    31 |     4 |       |       |       ||    51
       Stone Arrow       |       |       |       |     2 |       |   125 |   195 |    30 |    53 ||   405
       Lightning Bolt    |       |       |       |     1 |    41 |   125 |   360 |   521 |   217 ||  1265
       Swiftness         |       |       |       |     1 |     1 |       |       |       |     1 ||     3
       Fireball          |       |       |       |       |     6 |   214 |    18 |     1 |     1 ||   240
       Magic Dart        |       |       |       |       |    86 |   408 |   130 |     2 |    42 ||   668
       Iskenderun's Batt |       |       |       |       |    13 |   150 |   117 |    38 |    36 ||   354
       Blink             |       |       |       |       |       |     3 |     1 |       |       ||     4
       Chain Lightning   |       |       |       |       |       |    12 |    17 |    90 |   777 ||   896
       Iskenderun's Myst |       |       |       |       |       |       |     2 |       |       ||     2
       Iron Shot         |       |       |       |       |       |       |       |       |    19 ||    19
       Ignition          |       |       |       |       |       |       |       |       |    17 ||    17
       Maxwell's Capacit |       |       |       |       |       |       |       |       |     1 ||     1
 Abil: Evoke the Staff o |       |       |       |       |       |    17 |     5 |       |       ||    22
Evoke: Wand              |       |       |       |    11 |     6 |       |       |       |    12 ||    29
       Condenser vane    |       |       |       |       |     1 |     3 |       |     1 |     1 ||     6
       Phial of floods   |       |       |       |       |       |     1 |     3 |       |       ||     4
       Phantom mirror    |       |       |       |       |       |       |     1 |       |     1 ||     2
       Box of beasts     |       |       |       |       |       |       |       |       |     5 ||     5
  Use: Scroll            |       |     4 |     6 |    10 |     9 |    13 |     2 |       |    20 ||    64
       Potion            |       |       |     2 |       |     2 |     2 |     1 |     4 |    33 ||    44
 Stab: Paralysed         |       |       |       |    11 |       |       |       |       |       ||    11
       Distracted        |       |       |       |       |     1 |       |       |     1 |       ||     2
       Invisible         |       |       |       |       |       |       |       |       |     1 ||     1
Armor: Robe              |     1 |     2 |    12 |       |       |       |       |       |       ||    15
       Leather armour    |       |       |       |     6 |       |    21 |    14 |       |       ||    41
       Troll leather arm |       |       |       |     2 |    48 |    39 |       |       |       ||    89
       Scale mail        |       |       |       |       |       |       |    11 |    19 |    56 ||    86
       Skin              |       |       |       |       |       |       |       |       |     3 ||     3
Dodge: Dodged            |    14 |    21 |    64 |    20 |   357 |   444 |    85 |    58 |   208 ||  1271
Block: Buckler           |     1 |     2 |    19 |     9 |   102 |   166 |    63 |    41 |   139 ||   542
       Reflection        |       |       |       |       |       |       |    25 |     5 |    13 ||    43
       Other             |       |       |       |       |       |       |       |       |     1 ||     1

Table legend: (Time is in decaauts)
 A = Elapsed time spent in this place.
 B = Non-inter-level travel time spent in this place.
 C = Inter-level travel time spent in this place.
 D = Time resting spent in this place.
 E = Time spent auto-exploring this place.
 F = Levels seen in this place.
 G = Mean time per level.
                   A        B        C        D        E       F      G
               +--------+--------+--------+--------+--------+-----+--------+
         Total | 111843 | 103887 |   7956 |  48945 |  39099 |  80 | 1398.0 |
       Dungeon |  27455 |  24843 |   2612 |  10775 |  10835 |  15 | 1830.3 |
        Temple |    104 |     94 |     10 |      0 |     82 |   1 |  104.0 |
          Lair |  12869 |  11757 |   1112 |   6909 |   3107 |   5 | 2573.8 |
        Shoals |   7099 |   6918 |    181 |   3088 |   2490 |   4 | 1774.8 |
   Spider Nest |   7409 |   6978 |    431 |   4099 |   1733 |   4 | 1852.2 |
    Slime Pits |   2931 |   2770 |    161 |   1130 |   1195 |   5 |  586.2 |
  Orcish Mines |   3090 |   2591 |    499 |    429 |   1657 |   2 | 1545.0 |
   Elven Halls |   6910 |   6621 |    289 |   3164 |   2530 |   3 | 2303.3 |
        Vaults |  12363 |  11340 |   1023 |   4970 |   4685 |   5 | 2472.6 |
         Crypt |   2074 |   2014 |     60 |    520 |   1285 |   2 | 1037.0 |
        Depths |   8765 |   7697 |   1068 |   3856 |   2999 |   4 | 2191.2 |
           Zot |  10044 |   9541 |    503 |   5095 |   3250 |   5 | 2008.8 |
   Pandemonium |   7791 |   7791 |      0 |   3813 |   2557 |   4 | 1947.8 |
      Ziggurat |   2316 |   2316 |      0 |   1031 |    335 |  19 |  121.9 |
         Trove |     71 |     71 |      0 |      0 |      6 |   1 |   71.0 |
       Ossuary |    544 |    544 |      0 |     59 |    345 |   1 |  544.0 |
               +--------+--------+--------+--------+--------+-----+--------+

Top non-repeatable levels by time:
   Elf:3: 4140 daAuts
  Lair:4: 3933 daAuts
    D:12: 3588 daAuts
  Lair:1: 3278 daAuts
Vaults:1: 3248 daAuts
Vaults:5: 2714 daAuts
    D:13: 2637 daAuts
   Zot:5: 2575 daAuts
Vaults:2: 2492 daAuts
   Zot:4: 2460 daAuts
Depths:4: 2441 daAuts
Shoals:4: 2430 daAuts
Vaults:4: 2326 daAuts
     D:4: 2258 daAuts
  Lair:3: 2256 daAuts
